 Dungeon Crawl Stone Soup version 0.31-a0-176-g91f28db67f (webtiles) character file.

Game seed: 14800083159162133956

9490 qw the Skirmisher (level 11, -5/104 HPs)
             Began as a Naga Hunter on June 17, 2023.
             Was a Priest of Okawaru.
             Slain by a minotaur (10 damage)
             ... in a Gauntlet.
             The game lasted 00:04:51 (10080 turns).

qw the Skirmisher (Naga Hunter)                    Turns: 10080, Time: 00:04:51

Health: -5/104     AC: 12    Str: 14    XL:     11   Next: 47%
Magic:  13/14      EV: 20    Int: 16    God:    Okawaru [***...]
Gold:   195        SH:  5    Dex: 18    Spells: 10/10 levels left

rFire   + + .        Y - +0 orcbow
rCold   + + .        (shield currently unavailable)
rNeg    + . .        j - +2 robe of Untruth {+Inv Int+3}
rPois   +            o - +2 helmet {Int+3}
rElec   .            g - scarf {rC+ rF+}
rCorr   .            c - +0 pair of gloves of Prudence {rF+ rC+}
SInv    +            (no barding)
Will    +....        l - amulet of reflection
Stlth   ++++         f - ring of positive energy
HPRegen 0.37/turn    t - +5 ring of evasion
MPRegen 0.14/turn

%: no teleportation, reflection
@: heroic, very slow
A: AC +3, large, see invisible, deformed body, poison resistance, slowness 2,
spit poison 1, naga tail 1, deterioration 1
a: Spit Poison, Renounce Religion, Evoke Invisibility, Heroism


You were in a Gauntlet.
You worshipped Okawaru.
Okawaru was most pleased with you.
You visited 3 branches of the dungeon, and saw 11 of its levels.
You also visited: Gauntlet.

You collected 591 gold pieces.
You spent 396 gold pieces at shops.


Innate Abilities, Weirdness & Mutations

Your serpentine skin is tough. (AC +3)
You have supernaturally acute eyesight. (SInv)
Armour fits poorly on your strangely shaped body.
Your system is resistant to poisons. (rPois)
You cover ground very slowly.
You can spit poison.
You have a snake-like lower body.
Your body sometimes deteriorates upon taking damage.


   Skills:
 + Level 8.9(13.9) Fighting
 - Level 13.0(18.0) Ranged Weapons
 - Level 2.5(7.5) Armour
 - Level 4.3(9.3) Dodging
 - Level 1.5(6.5) Stealth
 - Level 4.0 Invocations


You had 10 spell levels left.
You didn't know any spells.
Your spell library was empty.

Inventory:

Hand Weapons
 Y - a +0 orcbow (weapon)
Armour
 c - the +0 pair of gloves of Prudence (worn) {rF+ rC+}
   (You found it in a Gauntlet)

   rF:        It protects you from fire.
   rC:        It protects you from cold.
 d - a +0 cloak
 g - a scarf of resistance (worn)
 j - the +2 robe of Untruth (worn) {+Inv Int+3}
   (You found it on level 3 of the Dungeon)

   Int:       It affects your intelligence (+3).
   +Inv:      It lets you turn invisible.
 o - a +2 helmet of intelligence (worn)
 w - a +2 pair of gloves
Jewellery
 f - a ring of positive energy (left hand)
 l - an amulet of reflection (around neck)
 t - a +5 ring of evasion (right hand)
Scrolls
 a - 4 scrolls of teleportation
 m - a scroll of identify
Potions
 b - 3 potions of mutation
 e - 3 potions of might
 k - 9 potions of curing
 n - 2 potions of haste
 p - a potion of magic
 q - a potion of enlightenment
 s - a potion of degeneration {unknown}
 v - a potion of resistance {unknown}

Dungeon Overview and Level Annotations

Branches:
Dungeon (9/15)             Temple (1/1) D:4            Lair (1/5) D:9
    Orc (0/2) D:9         Gauntlet (1/1)

Altars:
Cheibriados
Elyvilon
Gozag
Hepliaklqana
Kikubaaqudgha
Makhleb
Nemelex Xobeh
Okawaru
Qazlal
Sif Muna
Trog
Uskayaw
Vehumet
Wu Jian
Xom
Yredelemnul
Zin
The Shining One

Shops:
D:5 !   D:7 *

Annotations:
D:3 3 runed translucent doors, qw's ghost, amateur GrFi; qw's ghost, amateur NaHu Gauntlet 6 transporters, 5 runed translucent doors


Message History

You shoot an arrow.
The arrow hits the minotaur but does no damage.
The minotaur is lightly wounded.
You have got your breath back.
The minotaur hits you! The minotaur barely misses you.
10072 ||| INVOKING Spit Poison.
Aiming: Spit Poison (1% risk of failure)
Press: ? - help, Shift-Dir - straight line, f/p - minotaur The splash of poison hits the minotaur but does no damage.
The minotaur is poisoned.
The minotaur is lightly wounded.
The minotaur hits you!!
The minotaur gores you but does no damage.
You shoot an arrow. The arrow hits the minotaur.
The minotaur is lightly wounded.
You shoot an arrow. The arrow hits the minotaur!!
The minotaur is moderately wounded.
The minotaur closely misses you.
The minotaur gores you but does no damage.
You shoot an arrow. The arrow hits the minotaur!
The minotaur is heavily wounded.
The minotaur hits you! The minotaur misses you.
You shoot an arrow.
The arrow hits the minotaur but does no damage.
The minotaur is heavily wounded.
You shoot an arrow. The arrow hits the minotaur!
The minotaur is severely wounded.
The minotaur hits you!! You block the minotaur's attack.
You shoot an arrow.
The arrow completely misses the minotaur.
The minotaur looks more healthy.
The minotaur hits you!
The minotaur gores you but does no damage.
You shoot an arrow. The arrow hits the minotaur.
The minotaur is severely wounded.
You shoot an arrow.
The arrow hits the minotaur but does no damage.
The minotaur is severely wounded.
You have got your breath back.
The minotaur hits you!! The minotaur gores you!
You die...

### ~~~ ~\ ..
###. ...
######H#######
.......@.....#
.###.###.###.#
#.###.###.#
..........# #
###.###.###
##.###.###.####
..............#
..............#
##......######


You could see a minotaur.

Vanquished Creatures
  A cacodemon (Gauntlet)
  Erica (D:8)
  A two-headed ogre (D:8)
  A deep elf pyromancer (D:9)
  A necromancer (Gauntlet)
  2 black mambas (Lair:1)
  A cane toad (Lair:1)
  A komodo dragon (Lair:1)
  A troll (D:8)
  Sigmund (D:2)
  A wraith (D:9)
  4 wyverns (D:9)
  2 basilisks
  An acid dragon (D:9)
  Duvessa (D:6)
  5 water moccasins
  2 sky beasts (D:7)
  3 black bears
  3 orc warriors
  An ice beast (D:5)
  An ogre (D:5)
  2 centaurs (D:6)
  A phantom (D:5)
  6 wolves (Gauntlet)
  2 kobold brigands (D:9)
  5 scorpions
  2 bullfrogs
  A gnoll sergeant (D:9)
  Dowan (D:6)
  4 killer bees (D:9)
  3 howler monkeys
  An orc priest (D:7)
  6 jellies
  3 sleepcaps (D:6)
  4 iguanas
  7 orc wizards
  Robin (D:4)
  4 gnolls (D:9)
  6 adders
  3 shadow imps (Gauntlet)
  A white imp (D:6)
  An ufetubus (D:6)
  3 dart slugs (D:2)
  22 orcs
  3 ball pythons
  9 bats (D:1)
  7 endoplasms
  2 giant cockroaches
  14 goblins
  10 hobgoblins
  4 jackals
  17 kobolds
  5 quokkas
  2 frilled lizards (D:2)
  7 rats
204 creatures vanquished.

Notes
Turn   | Place    | Note
-------+----------+-------------------------------------------
     0 | D:1      | qw the Naga Hunter began the quest for the Orb.
     0 | D:1      | Reached XP level 1. HP: 19/19 MP: 1/1
     0 | D:1      | 0 ||| qw: Version: 0.3-a-5-g6f28e65
     0 | D:1      | 0 ||| qw: Game counter: 450
     0 | D:1      | 0 ||| qw: Always use a shield: true
     0 | D:1      | 0 ||| qw: God list: Okawaru
     0 | D:1      | 0 ||| qw: Allow faded altars: false
     0 | D:1      | 0 ||| qw: Do Orc after D:15 true
     0 | D:1      | 0 ||| qw: Do second Lair branch before Depths: true
     0 | D:1      | 0 ||| qw: Lair rune preference: random
     0 | D:1      | 0 ||| qw: Plans: Normal
     0 | D:1      | 0 ||| PLANNING D:1-11
    18 | D:1      | 18 ||| INVOKING Spit Poison.
    21 | D:1      | 21 ||| INVOKING Spit Poison.
    25 | D:1      | 25 ||| INVOKING Spit Poison.
    89 | D:1      | 89 ||| INVOKING Spit Poison.
   101 | D:1      | 101 ||| INVOKING Spit Poison.
   105 | D:1      | Reached skill level 4 in Ranged Weapons
   105 | D:1      | Reached XP level 2. HP: 25/26 MP: 2/2
   118 | D:1      | 118 ||| INVOKING Spit Poison.
   129 | D:1      | 129 ||| INVOKING Spit Poison.
   133 | D:1      | 133 ||| INVOKING Spit Poison.
   136 | D:1      | 136 ||| INVOKING Spit Poison.
   168 | D:1      | 168 ||| INVOKING Spit Poison.
   176 | D:1      | 176 ||| INVOKING Spit Poison.
   182 | D:1      | 182 ||| INVOKING Spit Poison.
   236 | D:1      | 236 ||| INVOKING Spit Poison.
   239 | D:1      | 239 ||| INVOKING Spit Poison.
   242 | D:1      | 242 ||| INVOKING Spit Poison.
   285 | D:1      | 285 ||| INVOKING Spit Poison.
   286 | D:1      | Reached XP level 3. HP: 32/32 MP: 3/3
   317 | D:1      | 317 ||| INVOKING Spit Poison.
   365 | D:1      | 365 ||| INVOKING Spit Poison.
   391 | D:1      | 391 ||| INVOKING Spit Poison.
   559 | D:1      | 559 ||| INVOKING Spit Poison.
   599 | D:1      | 599 ||| INVOKING Spit Poison.
   830 | D:1      | 830 ||| UPGRADING to +0 cloak.
   835 | D:1      | 835 ||| READING 2 scrolls labelled QUPEUPR BIVVEEGH.
   836 | D:1      | 836 ||| READING scroll of enchant weapon.
   836 | D:1      | 836 ||| ENCHANTING +1 shortbow.
   837 | D:1      | 837 ||| READING scroll labelled YDIENUFRAMP.
   842 | D:1      | 842 ||| READING scroll labelled LIPTUZUMMO.
   843 | D:1      | 843 ||| READING scroll labelled UHAGIE AKUVUF.
   844 | D:1      | 844 ||| DRINKING 2 metallic brown potions.
   845 | D:1      | 845 ||| DROPPING scroll of butterflies.
   846 | D:1      | 846 ||| DROPPING potion of attraction.
   882 | D:2      | 882 ||| INVOKING Spit Poison.
   885 | D:2      | 885 ||| INVOKING Spit Poison.
   886 | D:2      | 886 ||| STAIRDANCE
   902 | D:2      | 902 ||| STAIRDANCE
   921 | D:2      | 921 ||| INVOKING Spit Poison.
   933 | D:2      | 933 ||| INVOKING Spit Poison.
   972 | D:2      | Found a faded altar of an unknown god.
  1055 | D:2      | 1055 ||| INVOKING Spit Poison.
  1091 | D:2      | 1091 ||| INVOKING Spit Poison.
  1107 | D:2      | 1107 ||| INVOKING Spit Poison.
  1115 | D:2      | 1115 ||| INVOKING Spit Poison.
  1260 | D:2      | 1260 ||| INVOKING Spit Poison.
  1317 | D:2      | 1317 ||| INVOKING Spit Poison.
  1338 | D:2      | 1338 ||| UPGRADING to scarf of resistance.
  1348 | D:2      | 1348 ||| INVOKING Spit Poison.
  1406 | D:2      | 1406 ||| INVOKING Spit Poison.
  1467 | D:2      | 1467 ||| INVOKING Spit Poison.
  1537 | D:2      | Noticed Sigmund
  1538 | D:2      | 1538 ||| INVOKING Spit Poison.
  1542 | D:2      | Killed Sigmund
  1543 | D:2      | Reached skill level 6 in Ranged Weapons
  1543 | D:2      | Reached XP level 4. HP: 33/39 MP: 4/4
  1543 | D:2      | Reached XP level 5. HP: 39/45 MP: 5/5
  1599 | D:2      | 1599 ||| INVOKING Spit Poison.
  1700 | D:2      | 1700 ||| UPGRADING to ring of positive energy.
  1701 | D:2      | 1701 ||| READING 2 scrolls labelled RYSUARPH SADI.
  1702 | D:2      | 1702 ||| DRINKING 2 lumpy grey potions.
  1703 | D:2      | 1703 ||| DRINKING 3 fizzy black potions.
  1704 | D:2      | 1704 ||| DROPPING scroll of amnesia.
  2039 | D:2      | 2039 ||| Stepping randomly (stuck).
  2155 | D:2      | 2155 ||| Stepping randomly (stuck).
  2239 | D:3      | 2239 ||| INVOKING Spit Poison.
  2298 | D:3      | 2298 ||| INVOKING Spit Poison.
  2301 | D:3      | Reached XP level 6. HP: 52/52 MP: 6/6
  2309 | D:3      | 2309 ||| INVOKING Spit Poison.
  2356 | D:3      | Identified the +2 robe of Untruth {+Inv Int+3}
  2421 | D:3      | 2421 ||| INVOKING Spit Poison.
  2422 | D:3      | Found a runed translucent gate.
  2426 | D:3      | Found a runed translucent gate.
  2426 | D:3      | Found a runed translucent gate.
  2439 | D:3      | 2439 ||| INVOKING Spit Poison.
  2447 | D:3      | 2447 ||| INVOKING Spit Poison.
  2451 | D:3      | 2451 ||| INVOKING Spit Poison.
  2457 | D:3      | 2457 ||| INVOKING Spit Poison.
  2463 | D:3      | 2463 ||| INVOKING Spit Poison.
  2467 | D:3      | 2467 ||| INVOKING Spit Poison.
  2628 | D:3      | 2628 ||| INVOKING Spit Poison.
  2641 | D:3      | 2641 ||| INVOKING Spit Poison.
  2643 | D:3      | Reached skill level 3 in Fighting
  2677 | D:3      | Noticed qw's ghost (amateur NaHu)
  2677 | D:3      | Noticed qw's ghost (amateur NaHu)
  2677 | D:3      | Noticed qw's ghost (amateur GrFi)
  2748 | D:3      | 2748 ||| INVOKING Spit Poison.
  2759 | D:3      | 2759 ||| INVOKING Spit Poison.
  2821 | D:3      | Found a bloodstained altar of Trog.
  2910 | D:3      | 2910 ||| INVOKING Spit Poison.
  2935 | D:3      | Found a sparkling altar of Nemelex Xobeh.
  2937 | D:3      | 2937 ||| INVOKING Spit Poison.
  3064 | D:3      | 3064 ||| UPGRADING to +2 robe of Untruth {+Inv Int+3}.
  3074 | D:3      | 3074 ||| DROPPING +0 leather armour.
  3075 | D:3      | 3075 ||| UPGRADING to amulet of reflection.
  3080 | D:3      | 3080 ||| DROPPING amulet of magic regeneration.
  3081 | D:3      | 3081 ||| READING scroll labelled MIUNOBYEMA.
  3093 | D:4      | Found a staircase to the Ecumenical Temple.
  3094 | D:4      | 3094 ||| PLANNING TEMPLE
  3099 | D:4      | 3099 ||| INVOKING Spit Poison.
  3121 | Temple   | Entered the Ecumenical Temple
  3137 | Temple   | 3137 ||| PLANNING OKAWARU WORSHIP
  3303 | Temple   | Became a worshipper of Warmaster Okawaru
  3304 | Temple   | 3304 ||| PLANNING D:1-11
  3464 | D:4      | 3464 ||| INVOKING Spit Poison.
  3466 | D:4      | Noticed Robin
  3469 | D:4      | 3469 ||| INVOKING Spit Poison.
  3476 | D:4      | 3476 ||| INVOKING Spit Poison.
  3477 | D:4      | Killed Robin
  3482 | D:4      | 3482 ||| INVOKING Spit Poison.
  3485 | D:4      | 3485 ||| INVOKING Spit Poison.
  3591 | D:4      | 3591 ||| INVOKING Spit Poison.
  3641 | D:4      | 3641 ||| INVOKING Spit Poison.
  3956 | D:4      | 3956 ||| UPGRADING to +0 helmet.
  3961 | D:4      | 3961 ||| READING 3 scrolls labelled HERARCHE ALIECAO.
  3962 | D:4      | 3962 ||| READING scroll labelled DOLEME ZUMEGE.
  4063 | D:4      | 4063 ||| READING 3 scrolls labelled VONUSS TEIFE.
  4064 | D:4      | 4064 ||| DRINKING 2 silvery potions.
  4065 | D:4      | 4065 ||| DROPPING potion of brilliance.
  4066 | D:4      | 4066 ||| DROPPING 2 scrolls of poison.
  4067 | D:4      | 4067 ||| DROPPING 2 scrolls of fog.
  4101 | D:5      | Entered Level 5 of the Dungeon
  4102 | D:5      | Noticed an ice beast
  4113 | D:5      | Killed an ice beast
  4189 | D:5      | 4189 ||| INVOKING Spit Poison.
  4195 | D:5      | Reached XP level 7. HP: 65/66 MP: 7/7
  4233 | D:5      | Found Azefebiloy's Distillery.
  4241 | D:5      | 4241 ||| BUYING 2 potions of mutation (160 gold).
  4241 | D:5      | Bought 2 potions of mutation for 160 gold pieces
  4241 | D:5      | 4241 ||| BUYING potion of cancellation (80 gold).
  4241 | D:5      | Bought a potion of cancellation for 80 gold pieces
  4241 | D:5      | 4241 ||| BUYING potion of curing (30 gold).
  4241 | D:5      | Bought a potion of curing for 30 gold pieces
  4241 | D:5      | 4241 ||| BUYING potion of curing (30 gold).
  4241 | D:5      | Bought a potion of curing for 30 gold pieces
  4241 | D:5      | 4241 ||| BUYING potion of curing (30 gold).
  4241 | D:5      | Bought a potion of curing for 30 gold pieces
  4241 | D:5      | 4241 ||| SHOPLISTING potion of magic (80 gold, have 8).
  4241 | D:5      | 4241 ||| SHOPLISTING potion of resistance (100 gold, have
                  | 8).
  4273 | D:5      | 4273 ||| INVOKING Spit Poison.
  4278 | D:5      | 4278 ||| INVOKING Spit Poison.
  4285 | D:5      | 4285 ||| INVOKING Spit Poison.
  4289 | D:5      | 4289 ||| INVOKING Spit Poison.
  4358 | D:5      | 4358 ||| INVOKING Spit Poison.
  4393 | D:5      | 4393 ||| INVOKING Spit Poison.
  4430 | D:5      | 4430 ||| INVOKING Spit Poison.
  4431 | D:5      | Reached * piety under Okawaru
  4452 | D:5      | 4452 ||| INVOKING Heroism.
  4456 | D:5      | Reached skill level 7 in Ranged Weapons
  4552 | D:5      | 4552 ||| INVOKING Heroism.
  4555 | D:5      | 4555 ||| INVOKING Spit Poison.
  4563 | D:5      | 4563 ||| INVOKING Heroism.
  4565 | D:5      | 4565 ||| INVOKING Spit Poison.
  4570 | D:5      | Reached skill level 1 in Invocations
  4570 | D:5      | Reached XP level 8. HP: 73/73 MP: 4/9
  4632 | D:5      | 4632 ||| INVOKING Spit Poison.
  4726 | D:5      | 4726 ||| INVOKING Heroism.
  4727 | D:5      | 4727 ||| INVOKING Spit Poison.
  4731 | D:5      | Reached skill level 8 in Ranged Weapons
  4731 | D:5      | Reached skill level 3 in Invocations
  4756 | D:5      | 4756 ||| INVOKING Spit Poison.
  4760 | D:5      | 4760 ||| INVOKING Spit Poison.
  4934 | D:5      | 4934 ||| READING scroll of enchant armour.
  4934 | D:5      | 4934 ||| ENCHANTING +0 helmet.
  5034 | D:5      | 5034 ||| INVOKING Spit Poison.
  5212 | D:5      | 5212 ||| INVOKING Spit Poison.
  5365 | D:5      | 5365 ||| UPGRADING to +2 helmet of intelligence.
  5375 | D:5      | 5375 ||| DROPPING +1 helmet.
  5376 | D:5      | 5376 ||| READING scroll labelled CEIGON SAETYM.
  5387 | D:6      | 5387 ||| INVOKING Spit Poison.
  5416 | D:6      | 5416 ||| INVOKING Heroism.
  5417 | D:6      | 5417 ||| INVOKING Spit Poison.
  5436 | D:6      | 5436 ||| INVOKING Spit Poison.
  5436 | D:6      | Noticed Duvessa
  5437 | D:6      | Noticed Dowan
  5438 | D:6      | 5438 ||| Stepping ~*~*~tactically~*~*~ (outnumbered).
  5441 | D:6      | 5441 ||| Stepping ~*~*~tactically~*~*~ (outnumbered).
  5443 | D:6      | 5443 ||| INVOKING Spit Poison.
  5443 | D:6      | Reached ** piety under Okawaru
  5448 | D:6      | 5448 ||| INVOKING Heroism.
  5452 | D:6      | 5452 ||| INVOKING Spit Poison.
  5456 | D:6      | 5456 ||| INVOKING Spit Poison.
  5463 | D:6      | 5463 ||| INVOKING Spit Poison.
  5464 | D:6      | Killed Dowan
  5465 | D:6      | Killed Duvessa
  5466 | D:6      | Reached skill level 9 in Ranged Weapons
  5466 | D:6      | Reached XP level 9. HP: 70/81 MP: 10/12
  5540 | D:6      | 5540 ||| INVOKING Heroism.
  5617 | D:6      | 5617 ||| INVOKING Spit Poison.
  5618 | D:6      | Reached skill level 3 in Dodging
  5626 | D:6      | 5626 ||| READING scroll of enchant weapon.
  5626 | D:6      | 5626 ||| ENCHANTING +2 shortbow of draining.
  5631 | D:6      | 5631 ||| INVOKING Spit Poison.
  5644 | D:6      | 5644 ||| INVOKING Heroism.
  5674 | D:6      | 5674 ||| INVOKING Spit Poison.
  5723 | D:6      | Found a shimmering blue altar of Sif Muna.
  5745 | D:6      | 5745 ||| INVOKING Heroism.
  5770 | D:6      | 5770 ||| INVOKING Spit Poison.
  5776 | D:6      | 5776 ||| INVOKING Spit Poison.
  5780 | D:6      | Reached skill level 6 in Fighting
  6016 | D:6      | 6016 ||| READING scroll labelled UMIOMULLUA.
  6174 | D:7      | 6174 ||| Stepping ~*~*~tactically~*~*~ (outnumbered).
  6175 | D:7      | 6175 ||| INVOKING Spit Poison.
  6182 | D:7      | 6182 ||| INVOKING Spit Poison.
  6188 | D:7      | 6188 ||| INVOKING Spit Poison.
  6238 | D:7      | 6238 ||| INVOKING Heroism.
  6363 | D:7      | 6363 ||| INVOKING Heroism.
  6365 | D:7      | 6365 ||| INVOKING Spit Poison.
  6369 | D:7      | 6369 ||| INVOKING Spit Poison.
  6373 | D:7      | 6373 ||| INVOKING Spit Poison.
  6383 | D:7      | 6383 ||| INVOKING Spit Poison.
  6389 | D:7      | 6389 ||| INVOKING Spit Poison.
  6394 | D:7      | Reached skill level 10 in Ranged Weapons
  6396 | D:7      | Found a snail-covered altar of Cheibriados.
  6611 | D:7      | 6611 ||| INVOKING Heroism.
  6612 | D:7      | 6612 ||| INVOKING Spit Poison.
  6622 | D:7      | 6622 ||| INVOKING Spit Poison.
  6626 | D:7      | 6626 ||| INVOKING Spit Poison.
  6659 | D:7      | Found Xewej's General Store.
  6667 | D:7      | 6667 ||| BUYING 2 potions of curing (66 gold).
  6667 | D:7      | Bought 2 potions of curing for 66 gold pieces
  6667 | D:7      | 6667 ||| SHOPLISTING 2 scrolls of enchant armour (165 gold,
                  | have 101).
  6667 | D:7      | 6667 ||| SHOPLISTING wand of digging (4) (184 gold, have
                  | 101).
  6702 | D:7      | 6702 ||| INVOKING Spit Poison.
  6785 | D:7      | Found a glowing golden altar of the Shining One.
  6786 | D:7      | 6786 ||| INVOKING Spit Poison.
  6787 | D:7      | 6787 ||| Stepping ~*~*~tactically~*~*~ (outnumbered).
  6792 | D:7      | Found a radiant altar of Vehumet.
  6794 | D:7      | 6794 ||| INVOKING Spit Poison.
  6837 | D:7      | 6837 ||| INVOKING Spit Poison.
  6941 | D:7      | 6941 ||| DROPPING scarf of resistance.
  6942 | D:7      | 6942 ||| READING scroll labelled GAOWATZATIO.
  7045 | D:8      | Noticed a troll
  7046 | D:8      | 7046 ||| INVOKING Heroism.
  7048 | D:8      | 7048 ||| INVOKING Spit Poison.
  7053 | D:8      | Killed a troll
  7056 | D:8      | 7056 ||| INVOKING Spit Poison.
  7224 | D:8      | Noticed Erica
  7225 | D:8      | 7225 ||| INVOKING Heroism.
  7227 | D:8      | 7227 ||| INVOKING Spit Poison.
  7236 | D:8      | 7236 ||| INVOKING Spit Poison.
  7239 | D:8      | Killed Erica
  7240 | D:8      | Reached skill level 11 in Ranged Weapons
  7240 | D:8      | Reached XP level 10. HP: 94/94 MP: 11/13
  7327 | D:8      | Found a stormy altar of Qazlal.
  7458 | D:8      | Noticed a two-headed ogre
  7459 | D:8      | 7459 ||| INVOKING Heroism.
  7460 | D:8      | 7460 ||| SWAPPING to +0 orcbow.
  7461 | D:8      | 7461 ||| INVOKING Spit Poison.
  7470 | D:8      | 7470 ||| INVOKING Spit Poison.
  7471 | D:8      | Killed a two-headed ogre
  7548 | D:8      | 7548 ||| DROPPING +3 shortbow of draining.
  7801 | D:8      | 7801 ||| UPGRADING to +5 ring of evasion.
  7802 | D:8      | 7802 ||| DRINKING 3 puce potions.
  7853 | D:9      | Found a staircase to the Orcish Mines.
  7870 | D:9      | 7870 ||| INVOKING Spit Poison.
  7894 | D:9      | Found an opulent altar of Gozag.
  7927 | D:9      | Noticed a deep elf pyromancer
  7929 | D:9      | 7929 ||| INVOKING Spit Poison.
  7936 | D:9      | 7936 ||| INVOKING Heroism.
  7937 | D:9      | 7937 ||| INVOKING Spit Poison.
  7941 | D:9      | 7941 ||| INVOKING Spit Poison.
  7944 | D:9      | Killed a deep elf pyromancer
  7944 | D:9      | Reached *** piety under Okawaru
  7944 | D:9      | Received a gift from Okawaru
  7976 | D:9      | 7976 ||| INVOKING Heroism.
  7978 | D:9      | 7978 ||| INVOKING Spit Poison.
  8015 | D:9      | 8015 ||| INVOKING Heroism.
  8171 | D:9      | 8171 ||| INVOKING Spit Poison.
  8179 | D:9      | 8179 ||| INVOKING Spit Poison.
  8182 | D:9      | 8182 ||| INVOKING Spit Poison.
  8187 | D:9      | 8187 ||| INVOKING Spit Poison.
  8191 | D:9      | 8191 ||| INVOKING Spit Poison.
  8202 | D:9      | 8202 ||| INVOKING Heroism.
  8204 | D:9      | 8204 ||| Stepping ~*~*~tactically~*~*~ (outnumbered).
  8209 | D:9      | 8209 ||| INVOKING Spit Poison.
  8215 | D:9      | 8215 ||| INVOKING Spit Poison.
  8216 | D:9      | 8216 ||| INVOKING Heroism.
  8224 | D:9      | 8224 ||| INVOKING Spit Poison.
  8267 | D:9      | 8267 ||| INVOKING Spit Poison.
  8271 | D:9      | 8271 ||| INVOKING Spit Poison.
  8277 | D:9      | 8277 ||| INVOKING Spit Poison.
  8288 | D:9      | 8288 ||| INVOKING Spit Poison.
  8295 | D:9      | 8295 ||| INVOKING Spit Poison.
  8299 | D:9      | 8299 ||| INVOKING Spit Poison.
  8306 | D:9      | 8306 ||| INVOKING Spit Poison.
  8313 | D:9      | 8313 ||| INVOKING Spit Poison.
  8321 | D:9      | 8321 ||| INVOKING Spit Poison.
  8537 | D:9      | 8537 ||| INVOKING Spit Poison.
  8558 | D:9      | 8558 ||| INVOKING Spit Poison.
  8563 | D:9      | 8563 ||| INVOKING Spit Poison.
  8607 | D:9      | 8607 ||| INVOKING Spit Poison.
  8615 | D:9      | 8615 ||| INVOKING Spit Poison.
  8687 | D:9      | Found a staircase to the Lair.
  8696 | D:9      | 8696 ||| INVOKING Spit Poison.
  8704 | D:9      | 8704 ||| INVOKING Spit Poison.
  8800 | D:9      | 8800 ||| INVOKING Spit Poison.
  8806 | D:9      | 8806 ||| INVOKING Spit Poison.
  8809 | D:9      | Reached skill level 12 in Ranged Weapons
  8889 | D:9      | 8889 ||| PLANNING LAIR
  8889 | D:9      | 8889 ||| UPGRADING to +0 pair of gloves.
  8894 | D:9      | 8894 ||| READING scroll of enchant armour.
  8894 | D:9      | 8894 ||| ENCHANTING +0 pair of gloves.
  8895 | D:9      | 8895 ||| READING scroll labelled JUUMAD EMULEFF.
  8896 | D:9      | 8896 ||| READING 2 scrolls of identify.
  8896 | D:9      | 8896 ||| IDENTIFYING amethyst potion
  8921 | Lair:1   | Entered Level 1 of the Lair of Beasts
  8922 | Lair:1   | 8922 ||| PLANNING GAUNTLET
  8922 | Lair:1   | 8922 ||| INVOKING Heroism.
  8923 | Lair:1   | 8923 ||| INVOKING Spit Poison.
  8929 | Lair:1   | 8929 ||| INVOKING Spit Poison.
  8933 | Lair:1   | Reached XP level 11. HP: 103/103 MP: 12/14
  8959 | Lair:1   | 8959 ||| INVOKING Spit Poison.
  8965 | Lair:1   | 8965 ||| INVOKING Spit Poison.
  8967 | Lair:1   | 8967 ||| DRINKING 2 potions of cancellation.
  8968 | Lair:1   | 8968 ||| DRINKING potion of cancellation.
  8969 | Lair:1   | 8969 ||| INVOKING Spit Poison.
  8981 | Lair:1   | 8981 ||| INVOKING Heroism.
  9225 | Lair:1   | 9225 ||| READING scroll of enchant armour.
  9225 | Lair:1   | 9225 ||| ENCHANTING +1 pair of gloves.
  9276 | Lair:1   | 9276 ||| INVOKING Heroism.
  9302 | Lair:1   | Found a gate leading to a gauntlet.
  9303 | Lair:1   | 9303 ||| DRINKING 2 red potions.
  9313 | Gauntlet | Entered a Gauntlet
  9313 | Gauntlet | Found a transporter.
  9313 | Gauntlet | Found a runed translucent door.
  9313 | Gauntlet | Found a transporter.
  9313 | Gauntlet | Found a transporter.
  9313 | Gauntlet | Found a runed translucent door.
  9314 | Gauntlet | Found a transporter.
  9314 | Gauntlet | Noticed a soul eater
  9315 | Gauntlet | Found a transporter.
  9316 | Gauntlet | Noticed a wizard
  9318 | Gauntlet | Found a transporter.
  9322 | Gauntlet | Found a runed translucent door.
  9322 | Gauntlet | Found a runed translucent door.
  9324 | Gauntlet | Noticed a necromancer
  9325 | Gauntlet | Found a transporter.
  9326 | Gauntlet | Found a transporter.
  9327 | Gauntlet | Found a transporter.
  9327 | Gauntlet | Noticed a necromancer
  9329 | Gauntlet | Found a transporter.
  9336 | Gauntlet | Found a runed translucent door.
  9338 | Gauntlet | Found a transporter.
  9339 | Gauntlet | Found a transporter.
  9350 | Gauntlet | Noticed a cacodemon
  9436 | Gauntlet | Noticed a ghost crab
  9521 | Gauntlet | 9521 ||| READING 2 scrolls of identify.
  9521 | Gauntlet | 9521 ||| IDENTIFYING viscous dark potion
  9522 | Gauntlet | 9522 ||| DROPPING potion of ambrosia.
  9528 | Gauntlet | 9528 ||| INVOKING Spit Poison.
  9532 | Gauntlet | 9532 ||| INVOKING Spit Poison.
  9537 | Gauntlet | 9537 ||| INVOKING Heroism.
  9538 | Gauntlet | 9538 ||| INVOKING Spit Poison.
  9541 | Gauntlet | Killed a necromancer
  9542 | Gauntlet | Reached skill level 13 in Ranged Weapons
  9545 | Gauntlet | 9545 ||| INVOKING Spit Poison.
  9546 | Gauntlet | 9546 ||| INVOKING Spit Poison.
  9555 | Gauntlet | 9555 ||| INVOKING Spit Poison.
  9555 | Gauntlet | HP: 24/103 [wolf (4)]
  9556 | Gauntlet | 9556 ||| DRINKING 4 potions of heal wounds.
  9559 | Gauntlet | 9559 ||| INVOKING Spit Poison.
  9562 | Gauntlet | 9562 ||| INVOKING Heroism.
  9563 | Gauntlet | HP: 25/103 [wolf simulacrum (7)]
  9564 | Gauntlet | 9564 ||| DRINKING 3 potions of heal wounds.
  9782 | Gauntlet | 9782 ||| INVOKING Heroism.
  9787 | Gauntlet | HP: 18/103 [disintegration (22)]
  9788 | Gauntlet | 9788 ||| DRINKING 2 potions of heal wounds.
  9793 | Gauntlet | HP: 20/103 [disintegration (23)]
  9794 | Gauntlet | 9794 ||| DRINKING potion of heal wounds.
  9800 | Gauntlet | HP: 22/103 [cacodemon (6)]
  9802 | Gauntlet | 9802 ||| DRINKING 10 potions of curing.
  9802 | Gauntlet | 9802 ||| (to cure confusion)
  9807 | Gauntlet | Gained mutation: Your body sometimes deteriorates upon
                  | taking damage. [a cacodemon]
  9815 | Gauntlet | Killed a cacodemon
 10029 | Gauntlet | Identified the +0 pair of gloves of Prudence {rF+ rC+}
 10035 | Gauntlet | 10035 ||| UPGRADING to +0 pair of gloves of Prudence {rF+
                  | rC+}.
 10065 | Gauntlet | Identified the amulet "Gaiz" {RegenMP Int+3}
 10065 | Gauntlet | Noticed a minotaur
 10066 | Gauntlet | 10066 ||| INVOKING Heroism.
 10067 | Gauntlet | 10067 ||| INVOKING Spit Poison.
 10072 | Gauntlet | 10072 ||| INVOKING Spit Poison.
 10078 | Gauntlet | HP: 24/104 [minotaur (10)]
 10080 | Gauntlet | HP: 5/104 [minotaur (20)]
 10080 | Gauntlet | Slain by a minotaur

Levels and vault maps discovered:
D:1:      lemuel_arrival_hallway, layout_basic, serial_aquarium,
          aquarium_bridge_square [aquarium_subvault_bridge,
          aquarium_subvault_bridge, aquarium_subvault_window,
          aquarium_subvault_wall], aquarium_window_corridor_1,
          aquarium_window_1, aquarium_view_2e, aquarium_view_2e,
          aquarium_balcony_5a, aquarium_pool_split
D:2:      layout_basic, nicolae_ecumenical_oubliette, grunt_ministairs_1,
          minmay_misc_feat_square, minmay_tromino_v4_a, uniq_sigmund
D:3:      layout_loops_cross, bloody_trog, nemelex_dance_club_becter,
          gammafunk_ghost_cemetery
D:4:      layout_loops_ring, minmay_temple_entry_sparse_star, uniq_robin
D:5:      layout_layer_cave, serial_shops, nicolae_diamond_shop,
          kennysheep_cross_room, kennysheep_generic_room_15
D:6:      layout_cave_pools, mainiacjoe_overflow_chevrons, grunt_ministairs_6,
          uniq_duvessa
D:7:      layout_basic, mainiacjoe_overflow_divided_tiny, serial_shops, shop,
          minmay_ruined_shrine
D:8:      layout_gridville, nicolae_overflow_crystal_walls,
          hangedman_decor_peaks_small, uniq_erica
D:9:      layout_rooms, grunt_gozag_breadcrumbs, erik_lair_dragon, orc_0_dummy
Temple:   nicolae_temple_bog_church
Lair:1:   layout_cave_pods, gauntlet_entry_generic, worms_lemuel
Gauntlet: minmay_gauntlet_mixed_big_or_small [nicolae_gauntlet_arena_quarters,
          minmay_gauntlet_arena_77_cramped, nicolae_gauntlet_arena_flowing_pool,
          minmay_gauntlet_arena_77_shame_cube, gammafunk_gauntlet_arena_grid,
          minmay_gauntlet_arena_77_path, gauntlet_exit_watery]

Skill      XL: |  1  2  3  4  5  6  7  8  9 10 11 |
---------------+----------------------------------+-----
Ranged Weapons | 4 6 7 9 11 12 13 | 13.0
Fighting       | 4 5 7 8 |  8.9
Dodging        | 2 3 4 |  4.3
Invocations    | 1 4 |  4.0
Armour         | 2 |  2.5
Stealth        | |  1.5

Action                     |  1- 3 |  4- 6 |  7- 9 | 10-12 || total
---------------------------+-------+-------+-------+-------++-------
   Fire: Shortbow          |    66 |    94 |   240 |       ||   400
         Orcbow            |       |       |       |   340 ||   340
 Invoke: Heroism           |       |       |    14 |    13 ||    27
Ability: Spit Poison       |    35 |    26 |    46 |    46 ||   153
    Use: Scroll            |     5 |     5 |     5 |     5 ||    20
         Potion            |     1 |     3 |       |     9 ||    13
 Armour: Leather armour    |    10 |     6 |       |       ||    16
         Robe              |       |    10 |    30 |    58 ||    98
  Dodge: Dodged            |    14 |    22 |    47 |   199 ||   282
  Block: Other             |       |     5 |    18 |    53 ||    76
         Reflection        |       |       |     3 |     1 ||     4

Table legend:
 A = Non-vault XP
 B = Vault XP
 C = Vault XP percentage of total XP
 D = Non-vault monster count
 E = Vault monster count
 F = Vault count percentage of total count
                 A         B        C        D         E       F
            +---------+---------+-------+---------+---------+-------
      Total |    7856 |    5702 |  42.1 |     162 |      42 |  20.6
            +---------+---------+-------+---------+---------+-------
        D:1 |      48 |       0 |   0.0 |      29 |       0 |   0.0
        D:2 |      30 |     230 |  88.5 |      14 |       4 |  22.2
        D:3 |      94 |       5 |   5.1 |      20 |       2 |   9.1
        D:4 |      41 |      28 |  40.6 |      13 |       8 |  38.1
        D:5 |    1204 |     122 |   9.2 |      16 |       1 |   5.9
        D:6 |     852 |     379 |  30.8 |      16 |       4 |  20.0
        D:7 |     692 |     467 |  40.3 |      15 |       5 |  25.0
        D:8 |    1110 |     831 |  42.8 |       3 |       1 |  25.0
        D:9 |    1813 |    1194 |  39.7 |      30 |       6 |  16.7
     Lair:1 |    1972 |       0 |   0.0 |       6 |       0 |   0.0
   Gauntlet |       0 |    2446 | 100.0 |       0 |      11 | 100.0
            +---------+---------+-------+---------+---------+-------
